AoeStats
← roadto50elo

Black Forest

510012107Analyzed
4v4 RM · 3d ago on Sep 29, 2026· 60m 45s· 8 players
Game mode
Random Map
Map size
Large (8 player)
Population
200
Speed
Normal
Resources
Standard
Victory
Conquest
Starting age
Dark Age
Ending age
Imperial Age
RankedLock teamsTeams togetherTeam positionsShared explorationLock speedFull tech treeHidden civsTurbo modeCheats
Victory
Defeat
🇺🇸 Japanese · United States
1093
+18
🇨🇴 Teutons · Colombia
1092
+18
🇨🇴 Ethiopians · Colombia
1079
+19
🇨🇱 Mapuche · Chile
1069
+19
🇨🇴 Chinese · Colombia
1315
-26
🇨🇴 Khmer · Colombia
1258
-23
🇨🇱 Poles · Chile
1085
-16
🇨🇴 Burgundians · Colombia
896
-18
VadersSon2004
11:20 Feudal Age
15:26 Castle Age
13:39 Double-Bit Axe
13:36 Horse Collar
17:01 Wheelbarrow
16:51 Bow Saw
19:18 Heavy Plow
21:09 Gold Mining
23:07 Fervor
23:21 Loom
23:26 Town Watch
23:34 Stone Mining
24:49 Gold Shaft Mining
28:21 Imperial Age
27:17 Hand Cart
29:11 Town Patrol
28:56 Treadmill Crane
29:39 Ballistics
29:50 Fletching
30:00 Padded Archer Armor
30:31 Heavy Cavalry Archer
31:18 Thumb Ring
31:40 Parthian Tactics
31:13 Guard Tower
32:23 Chemistry
32:10 Yasama
32:31 Conscription
32:27 Bodkin Arrow
32:47 Leather Archer Armor
34:07 Bracer
34:38 Ring Archer Armor
36:39 Scale Barding Armor
36:37 Scale Mail Armor
36:47 Forging
37:17 Keep
39:03 Two-Man Saw
38:52 Iron Casting
38:06 Arrowslits
38:32 Masonry
41:49 Kataparuto
42:05 Hoardings
48:22 Murder Holes
48:34 Siege Engineers
48:49 Chain Mail Armor
49:34 Blast Furnace
SantiagoSilva88
6:35 Loom
9:21 Feudal Age
9:35 Man-at-Arms
12:47 Fletching
23:45 Castle Age
22:04 Double-Bit Axe
22:14 Horse Collar
22:43 Stone Mining
24:30 Wheelbarrow
24:50 Bow Saw
24:39 Town Watch
28:16 Heavy Plow
28:53 Gold Mining
30:14 Gold Shaft Mining
31:26 Padded Archer Armor
31:22 Bodkin Arrow
39:00 Hand Cart
39:24 Leather Archer Armor
39:15 Elite Skirmisher
40:17 Ballistics
42:04 Scale Mail Armor
42:14 Forging
45:09 Imperial Age
43:05 Thumb Ring
45:28 Chain Mail Armor
45:56 Squires
47:05 Chemistry
46:26 Halberdier
47:55 Crossbowman
49:03 Arson
49:18 Squires
50:53 Conscription
51:12 Plate Mail Armor
51:17 Iron Casting
51:46 Elite Shotel Warrior
52:26 Arbalester
53:51 Ring Archer Armor
53:21 Bracer
53:56 Iron Casting
54:29 Siege Engineers
54:30 Town Patrol
57:07 Masonry
57:59 Blast Furnace
57:41 Scale Barding Armor
hitman47
1:37 Loom
11:09 Feudal Age
17:01 Castle Age
15:56 Double-Bit Axe
17:54 Horse Collar
20:08 Wheelbarrow
20:20 Wheelbarrow
20:27 Bow Saw
20:41 Heavy Plow
22:42 Hand Cart
25:15 Stone Mining
26:06 Gold Mining
26:59 Stone Shaft Mining
30:59 Imperial Age
31:15 Imperial Age
29:00 Bloodlines
28:57 Scale Barding Armor
29:03 Forging
30:02 Chain Barding Armor
32:01 Iron Casting
31:23 Cavalier
33:32 Plate Barding Armor
33:14 Paladin
35:42 Crop Rotation
37:20 Blast Furnace
37:43 Conscription
39:07 Scale Mail Armor
38:58 Fletching
39:09 Padded Archer Armor
41:32 Two-Man Saw
41:00 Crenellations
41:27 Chain Mail Armor
42:19 Chemistry
43:11 Coinage
43:14 Plate Mail Armor
43:13 Ballistics
42:39 Elite Skirmisher
47:26 Caravan
48:20 Banking
49:30 Bodkin Arrow
49:51 Leather Archer Armor
51:26 Town Watch
52:06 Ironclad
52:20 Ring Archer Armor
55:39 Siege Engineers
roadto50elo
0:48 Loom
12:35 Feudal Age
19:17 Castle Age
18:10 Double-Bit Axe
18:55 Horse Collar
19:36 Town Watch
28:28 Heavy Plow
32:04 Bow Saw
32:41 Wheelbarrow
33:38 Fletching
36:29 Imperial Age
34:31 Gold Mining
34:54 Padded Archer Armor
36:16 Malon
36:38 Elite Bolas Rider
38:23 Conscription
38:46 Gold Shaft Mining
37:33 Pikeman
38:22 Bodkin Arrow
39:25 Leather Archer Armor
40:30 Butalmapu
41:52 Ring Archer Armor
42:46 Caravan
43:39 Ballistics
44:22 Chemistry
44:24 Arson
45:20 Scale Mail Armor
49:08 Bombard Tower
50:21 Chain Mail Armor
50:17 Forging
49:54 Treadmill Crane
50:10 Stone Mining
52:25 Crop Rotation
51:29 Elite Kona
58:59 Hoardings
59:51 Masonry
59:50 Siege Engineers
60:31 Champi Runner
61:52 Plate Mail Armor
AMartinez__
10:13 Feudal Age
14:52 Bloodlines
18:54 Double-Bit Axe
23:46 Castle Age
23:06 Horse Collar
27:19 Husbandry
26:39 Light Cavalry
31:31 Forging
34:31 Iron Casting
34:01 Scale Barding Armor
39:45 Imperial Age
40:11 Elite Battle Elephant
43:30 Blast Furnace
50:36 Chemistry
51:21 Bow Saw
52:08 Loom
52:23 Heavy Scorpion
Zell
0:26 Loom
9:46 Feudal Age
10:27 Double-Bit Axe
14:10 Fletching
19:54 Wheelbarrow
21:43 Town Watch
24:24 Castle Age
22:21 Horse Collar
22:51 Gold Mining
23:03 Padded Archer Armor
24:44 Crossbowman
25:21 Bodkin Arrow
25:49 Hand Cart
27:18 Leather Archer Armor
29:20 Bow Saw
29:26 Heavy Plow
30:07 Gold Shaft Mining
30:22 Thumb Ring
34:44 Imperial Age
33:51 Ballistics
34:51 Arbalester
35:34 Bracer
36:36 Two-Man Saw
37:23 Chemistry
39:00 Conscription
39:46 Ring Archer Armor
39:56 Heavy Scorpion
42:20 Rocketry
44:42 Pikeman
46:07 Squires
45:53 Arson
46:09 Scale Mail Armor
47:05 Forging
46:19 Halberdier
48:04 Chain Mail Armor
48:24 Iron Casting
50:14 Bombard Tower
59:31 Plate Mail Armor
60:01 Blast Furnace
59:13 Murder Holes
cristiancarterdc
11:32 Feudal Age
11:41 Double-Bit Axe
12:55 Loom
18:14 Castle Age
17:51 Stone Mining
21:44 Wheelbarrow
25:27 Forging
25:24 Scale Barding Armor
29:24 Horse Collar
36:05 Chain Barding Armor
JustBeHigh
1:12 Loom
12:44 Feudal Age
14:36 Double-Bit Axe
14:45 Horse Collar
17:24 Wheelbarrow
24:02 Castle Age
22:54 Forging
24:07 Scale Barding Armor
23:58 Fletching
27:15 Bow Saw
27:08 Heavy Plow
27:47 Chain Barding Armor
28:04 Iron Casting
27:56 Szlachta Privileges
30:06 Hand Cart
31:11 Bloodlines
31:15 Husbandry
35:14 Imperial Age
34:00 Caravan
35:28 Squires
34:57 Pikeman
37:59 Blast Furnace
36:56 Bodkin Arrow
38:45 Town Watch
39:09 Cavalier
43:40 Elite Skirmisher
Connection lost

Rejoining the realm…

Still unreachable

The connection could not be restored.

Session expired

The server has moved on; the page needs a fresh start.